AoeStats
← A

Migration

508108238Analyzed
1v1 RM · 1mo ago on Sep 20, 2026· 49m 18s· 2 players
Game mode
Random Map
Map size
132×132
Population
200
Speed
Normal
Resources
Standard
Victory
Conquest
Starting age
Dark Age
Ending age
Imperial Age
RankedLock teamsTeams togetherTeam positionsShared explorationLock speedFull tech treeHidden civsTurbo modeCheats
Victory
Defeat
🇨🇱 Hindustanis · Chile
957
+16
vs
🇦🇷 Maya · Argentina
953
-16
Nahaff
0:43 Loom
0:49 Loom
10:58 Feudal Age
11:29 Town Watch
11:35 Double-Bit Axe
11:35 Horse Collar
14:37 Gold Mining
18:32 Fletching
20:02 Forging
22:15 Castle Age
20:10 Stone Mining
21:50 Padded Archer Armor
24:03 Wheelbarrow
24:36 Pikeman
25:44 Medium Warships
26:21 Bow Saw
26:18 Heavy Plow
33:11 Imperial Age
38:08 Iron Casting
37:28 Bodkin Arrow
37:49 Leather Archer Armor
37:35 Scale Mail Armor
38:05 Crossbowman
38:06 Elite Skirmisher
39:14 Hand Cart
39:20 Arbalester
41:24 Chain Mail Armor
44:38 Conscription
43:43 Halberdier
44:36 Thumb Ring
46:34 Bracer
A
10:08 Feudal Age
11:36 Double-Bit Axe
16:56 Horse Collar
17:03 Fishing Lines
19:55 Castle Age
18:16 Fletching
20:56 Medium Warships
20:38 Gillnets
21:40 Bodkin Arrow
21:49 Padded Archer Armor
23:47 Leather Archer Armor
26:03 Wheelbarrow
29:31 Grand Trunk Road
32:48 Ballistics
32:38 Masonry
33:12 Thumb Ring
34:23 Loom
34:24 Town Watch
34:32 Gold Mining
34:37 Stone Mining
35:07 Forging
37:47 Hand Cart
37:33 Town Patrol
40:35 Imperial Age
41:41 Gold Shaft Mining
41:42 Stone Shaft Mining
41:19 Bow Saw
41:12 Heavy Plow
42:02 Husbandry
42:13 Bloodlines
41:23 Light Cavalry
43:27 Chemistry
42:33 Siege Engineers
42:54 Block Printing
42:39 Devotion
42:50 Fervor
43:33 Heavy Cavalry Archer
44:28 Careening
44:29 Clinker Construction
44:29 Bracer
45:11 Conscription
48:39 Iron Casting
48:04 Scale Mail Armor
48:35 Ring Archer Armor
49:20 Shatagni
49:02 Elite Ghulam
Connection lost

Rejoining the realm…

Still unreachable

The connection could not be restored.

Session expired

The server has moved on; the page needs a fresh start.